 Dungeon Sprint DCSS version 0.19.3-4-gbf9329e (webtiles) character file.

994 Kagutsuchi the Fighter (level 7, -15/74 HPs)
             Began as a Grey Draconian Berserker on Jan 28, 2017.
             Was an Elder of Trog.
             Demolished by a tyrant leech (17 damage)
             ... in the Dungeon (Sprint II: "The Violet Keep of Menkaure").
             The game lasted 00:01:28 (482 turns).

Kagutsuchi the Fighter (Grey Draconian Berserker)    Turns: 482, Time: 00:01:29

Health: -15/74     AC: 11    Str: 19    XL:     7   Next: 99%
Magic:  7/7        EV: 17    Int:  8    God:    Trog [****..]
Gold:   486        SH:  0    Dex: 12    Spells: 0 memorised, 6 levels left

rFire  . . .     SeeInvis .     a - +0 falchion
rCold  . . .     Gourm    .     (armour unavailable)
rNeg   . . .     Faith    .     (no shield)
rPois  .         Spirit   .     (helmet restricted)
rElec  .         Reflect  .     (no cloak)
rCorr  .         Harm     .     (no gloves)
MR     .....     NoTele   +     (no boots)
Stlth  +.........               (no amulet)
                                (no ring)
                                (no ring)

@: exhausted, slowed, very slow
A: walk through water, unfitting armour, unbreathing, cold-blooded, AC +11
a: Berserk, Trog's Hand, Brothers in Arms, Burn Spellbooks, Renounce Religion


You were in the Dungeon.
You worshipped Trog.
Trog was greatly pleased with you.
You were not hungry.

You visited 1 branch You collected 486 gold pieces.

Inventory:

Hand Weapons
 a - a +0 falchion (weapon)
Scrolls
 h - a scroll of blinking
Potions
 e - a potion of haste
 f - 2 potions of magic
 g - a potion of berserk rage


   Skills:
 + Level 11.4 Fighting
 + Level 10.8 Long Blades
 + Level 9.4 Dodging


You had 6 spell levels left.
You didn't know any spells.

Dungeon Overview and Level Annotations

Branches:
Dungeon (1/1)

Altars:


Innate Abilities, Weirdness & Mutations

You can walk through water.
Your dull iron-grey scales are very hard. (AC +11)
You cannot fit into any form of body armour.
You can survive without breathing.
You are cold-blooded and may be slowed by cold attacks.


Message History

The tyrant leech draws strength from your injuries!
The tyrant leech barely misses you.
You riposte.
You closely miss the tyrant leech.
You tail-slap the tyrant leech, but do no damage.
The tyrant leech is severely wounded.
You feel better. The tyrant leech closely misses you.
You riposte.
You barely miss the tyrant leech.
The tyrant leech is severely wounded.
You miss the tyrant leech.
The tyrant leech is severely wounded.
The tyrant leech bites you but does no damage.
You closely miss the tyrant leech.
The tyrant leech is severely wounded.
The tyrant leech bites you!!
* * * LOW HITPOINT WARNING * * *
The tyrant leech draws strength from your injuries!
You slash the tyrant leech!
The tyrant leech is severely wounded.
The tyrant leech bites you!
You die...

## ## ##. $##
.. .. ## .#.
##
#.###w###.##
#.##@##...# .#
##÷.<.'.##'..#
#.##.##...#
#.# #†###.##
#####†#####
#.†#†.#
##.#.## ##+##


You could see a tyrant leech.

Vanquished Creatures
  2 hippogriffs (D)
  A tyrant leech (D)
  Menkaure (D)
  4 necrophages (D)
  4 worker ants (D)
12 creatures vanquished.

Vanquished Creatures (others)
  A crocodile (D)
1 creature vanquished.

Grand Total: 13 creatures vanquished

Notes
Turn   | Place    | Note
-------+----------+-------------------------------------------
     0 | D        | Kagutsuchi the Draconian Berserker began the quest for the Orb.
     0 | D        | Reached XP level 1. HP: 19/19 MP: 1/1
     1 | D        | Noticed a necrophage
     1 | D        | Noticed a necrophage
     1 | D        | Noticed a necrophage
     1 | D        | Noticed a necrophage
    10 | D        | Killed a necrophage
    10 | D        | Reached skill level 6 in Fighting
    10 | D        | Reached skill level 5 in Long Blades
    10 | D        | Reached skill level 5 in Dodging
    10 | D        | Reached XP level 2. HP: 30/30 MP: 2/2
    10 | D        | Reached XP level 3. HP: 37/37 MP: 3/3
    10 | D        | Reached XP level 4. HP: 44/44 MP: 4/4
    14 | D        | Killed a necrophage
    14 | D        | Reached skill level 7 in Fighting
    14 | D        | Reached XP level 5. HP: 52/52 MP: 5/5
    18 | D        | Killed a necrophage
    18 | D        | Reached ** piety under Trog
    18 | D        | Reached skill level 8 in Fighting
    21 | D        | Killed a necrophage
    21 | D        | Reached skill level 9 in Fighting
    21 | D        | Reached XP level 6. HP: 62/62 MP: 6/6
    89 | D        | Noticed Menkaure
    94 | D        | Killed Menkaure
   243 | D        | Noticed a hippogriff
   243 | D        | Noticed a hippogriff
   253 | D        | Killed a hippogriff
   253 | D        | Reached *** piety under Trog
   253 | D        | Reached skill level 10 in Fighting
   253 | D        | Your scales start taking on a dull iron-grey colour.
   253 | D        | Reached XP level 7. HP: 68/71 MP: 7/7
   253 | D        | Gained mutation: You can survive without breathing. [Grey Draconian growth]
   258 | D        | Killed a hippogriff
   258 | D        | Reached skill level 10 in Long Blades
   375 | D        | Noticed a tyrant leech
   375 | D        | Noticed a tyrant leech
   383 | D        | Reached skill level 11 in Fighting
   385 | D        | Reached **** piety under Trog
   460 | D        | Killed a tyrant leech
   481 | D        | HP: 2/74 [tyrant leech (19)]
   482 | D        | Demolished by a tyrant leech

Skill      XL: |  1  2  3  4  5  6  7 |
---------------+----------------------+-----
Fighting       | 6 7 9 10 11 | 11.4
Long Blades    | 5 7 8 9 10 | 10.8
Dodging        | 5 6 7 8 9 |  9.4

Action                   |  1- 3 |  4- 6 |  7- 9 || total
-------------------------+-------+-------+-------++-------
Melee: Falchion          |     8 |    19 |    42 ||    69
       Tailslap          |     1 |     6 |     8 ||    15
Invok: Berserk           |     1 |     1 |     2 ||     4
  Use: Potion            |       |       |     2 ||     2
  Eat: Bread ration      |       |       |     1 ||     1
Armor: Skin              |     1 |     4 |     3 ||     8
Dodge: Dodged            |     1 |    10 |    15 ||    26
       Rpst.: Falchion   |     1 |     2 |     9 ||    12
